 Dungeon Crawl Stone Soup version 0.18-a0-1730-g73f0523 (webtiles) character file.

218 M4edhros the Sneak (level 5, -3/33 HPs)
             Began as an Octopode Artificer on Apr 10, 2016.
             Was an Initiate of Gozag.
             Slain by an ogre
             ... wielding a +0 giant club
              (22 damage)
             ... on level 3 of the Dungeon.
             The game lasted 00:03:22 (2282 turns).

M4edhros the Sneak (Octopode Artificer)             Turns: 2282, Time: 00:03:23

Health: -3/33      AC:  1    Str: 10    XL:     5   Next: 95%
Magic:  7/7        EV: 12    Int: 17    God:    Gozag
Gold:   167        SH:  0    Dex: 15    Spells: 0 memorised, 4 levels left

rFire  . . .     SeeInvis .     o - +2 short sword (elec)
rCold  . . .     Gourm    .     (no shield)
rNeg   . . .     Faith    .     (helmet restricted)
rPois  .         Spirit   .     (no amulet)
rElec  .         Dismiss  .     (no ring)
rCorr  .         Reflect  .     (no ring)
SustAt .         Harm     .     (no ring)
MR     .....                    (no ring)
Stlth  ++++......               (no ring)
                                (no ring)
                                (no ring)
                                (no ring)

@: not resistant to hostile enchantments, stealthy
A: almost no armour, amphibious, 8 rings, constrict 8, tentacle spike 1,
camouflage 1, agile 1, clever 1, gelatinous body 1
a: Potion Petition, Call Merchant, Bribe Branch, Renounce Religion


You were on level 3 of the Dungeon.
You worshipped Gozag.
Gozag was noncommittal.
You were hungry.

You visited 2 branches of the dungeon, and saw 5 of its levels.

You collected 212 gold pieces.
You paid 45 gold pieces to Gozag.

Inventory:

Hand Weapons
 g - a +3 hunting sling of flaming
 o - a +2 short sword of electrocution (weapon)
Missiles
 h - 109 stones (quivered)
Wands
 b - a wand of flame (15/48)
 c - a wand of enslavement (14/24)
 d - a wand of random effects (43/48)
Scrolls
 a - a scroll of fear
 k - a scroll of fog
 q - a scroll of amnesia
 v - a scroll of teleportation {unknown}
Potions
 e - a potion of flight
 j - a potion of agility
 s - a potion of curing
Comestibles
 f - 2 bread rations
 i - a beef jerky


   Skills:
 - Level 1.0 Fighting
 - Level 1.0 Short Blades
 * Level 4.3 Slings
 - Level 2.0 Dodging
 + Level 4.8 Stealth
 - Level 3.2 Evocations


You had 4 spell levels left.
You didn't know any spells.

Dungeon Overview and Level Annotations

Branches:
Dungeon (4/15)             Temple (1/1) D:4

Altars:
Ashenzari
Gozag
Kikubaaqudgha
Nemelex Xobeh
Pakellas
Sif Muna
Trog
Vehumet
Xom
Yredelemnul
The Shining One


Innate Abilities, Weirdness & Mutations

You cannot wear most types of armour.
You are amphibious.
You can wear up to eight rings at the same time.
You can use your tentacles to constrict eight enemies at once.
Your skin changes colour to match your surroundings (Stealth).
Your rubbery body absorbs attacks (AC +1).
One of your tentacles bears a spike.
You are agile. (Dex +2)
Your mind is acute. (Int +2)


Message History

No target in view!
An ogre comes into view. It is wielding a giant club.
The ogre shouts!
Found a mace and a scale mail.
The ogre hits you with a giant club!
An ogre is nearby!
You hit the ogre.
There is a sudden explosion of sparks!
You pierce the ogre, but do no damage.
Your squeeze misses the ogre.
The ogre is severely wounded.
The ogre closely misses you.
An ogre is nearby!
You barely miss the ogre.
Your tentacle spike misses the ogre.
The ogre is severely wounded.
An ogre is nearby!
You hit the ogre.
You pierce the ogre, but do no damage.
The ogre is almost dead.
The ogre hits you with a giant club!!
Ouch! That really hurt!
You die...
Your body crumbles into a pile of gold.

..#
##.#####
..#
#.....#
..#
#####.#
..# #.#
..# #.# ..
#.# # #.#
#.#######.
#.@O...)[.
##########


You could see an ogre.

Vanquished Creatures
  The ghost of M4edhros the Sneak, an amateur OpAr (D:3)
  2 worker ants
  A hound skeleton (D:4)
  5 adders
  2 oozes (D:1)
  A worm (D:2)
  2 dart slugs (D:1)
  3 giant geckos
  6 bats
  A giant cockroach (D:2)
  7 goblins
  6 hobgoblins
  2 giant newts
  11 kobolds
  A quokka zombie (D:3)
  4 rats
55 creatures vanquished.

Vanquished Creatures (collateral kills)
  An adder (D:3)
1 creature vanquished.

Grand Total: 56 creatures vanquished

Notes
Turn   | Place    | Note
--------------------------------------------------------------
     0 | D:1      | M4edhros the Octopode Artificer began the quest for the Orb.
     0 | D:1      | Reached XP level 1. HP: 13/13 MP: 3/3
    78 | D:1      | Reached skill level 1 in Slings
   105 | D:1      | Reached XP level 2. HP: 18/18 MP: 4/4
   614 | D:1      | Reached XP level 3. HP: 20/23 MP: 5/5
  1097 | D:3      | Reached XP level 4. HP: 15/28 MP: 6/6
  1157 | D:3      | Noticed M4edhros's ghost (amateur OpAr)
  1191 | D:3      | Killed M4edhros's ghost
  1234 | D:3      | Reached XP level 5. HP: 30/33 MP: 7/7
  1372 | D:4      | Found a staircase to the Ecumenical Temple.
  1382 | Temple   | Entered the Ecumenical Temple
  1434 | Temple   | Became a worshipper of Gozag Ym Sagoz the Greedy
  2177 | D:2      | Gained mutation: Your mind is acute. (Int +2) [potion of mutation]
  2177 | D:2      | Gained mutation: You are agile. (Dex +2) [potion of mutation]
  2177 | D:2      | Gained mutation: One of your tentacles bears a spike. [potion of mutation]
  2278 | D:3      | Noticed an ogre
  2282 | D:3      | Slain by an ogre

Vault maps used:
D:1:      denvon_arrival_waterhouse, minmay_distorted
D:2:      st_stairs_6
D:3:      serial_bayou_pond_a
D:4:      grunt_temple_overflow_open, lemuel_coloured_pillars_altar,
          minmay_temple_entry_glassed_door
Temple:   triangle_lava_temple_11

Skill      XL: |  1  2  3  4  5 |
---------------+----------------+-----
Slings         | 1 2 3 4 |  4.3
Stealth        | 2 3 4 |  4.8
Fighting       | |  1.0
Short Blades   | |  1.0
Dodging        | |  2.0
Evocations     | |  3.2

Action                   |  1- 3 |  4- 6 || total
-------------------------+-------+-------++-------
Melee: Short sword       |    46 |    34 ||    80
 Fire: Hunting sling     |     7 |       ||     7
Evoke: Wand              |       |     1 ||     1
  Use: Potion            |       |     7 ||     7
       Scroll            |       |     6 ||     6
 Stab: Sleeping          |     8 |    10 ||    18
  Eat: Chunk             |       |     2 ||     2
       Beef jerky        |       |     1 ||     1
